 Dungeon Crawl Stone Soup version 0.31-a0-221-gbddc013574 (webtiles) character file.

Game seed: 5522490252122637030

600 qw the Shooter (level 7, 0/43 HPs)
             Began as a Gargoyle Hexslinger on July 4, 2023.
             Slain by a vampire mosquito (10 damage)
             ... on level 5 of the Dungeon.
             The game lasted 00:01:31 (3108 turns).

qw the Shooter (Gargoyle Hexslinger)                Turns: 3108, Time: 00:01:31

Health: 0/43       AC: 12    Str: 12    XL:     7   Next: 41%
Magic:  8/8        EV: 10    Int: 13    God:
Gold:   169        SH:  0    Dex: 14    Spells: 7/8 levels left

rFire   . . .        Y - +1 sling (drain)
rCold   . . .        (no shield)
rNeg    + . .        e - +0 ring mail
rPois   inf          (no helmet)
rElec   +            h - +0 cloak
rCorr   .            f - +0 pair of gloves
SInv    .            (no boots)
Will    .....        g - amulet of regeneration
Stlth   +            (no ring)
HPRegen 1.07/turn    (no ring)
MPRegen 0.11/turn

%: no passive effects
@: no status effects
A: sickness immunity, AC +4, negative energy resistance 1, electricity
resistance, torment resistance 1, petrification resistance
a: no special abilities


You were on level 5 of the Dungeon.
You visited 1 branch of the dungeon, and saw 6 of its levels.

You collected 193 gold pieces.
You spent 24 gold pieces at shops.


Innate Abilities, Weirdness & Mutations

You are immune to sickness and miasma.
Your stone body is resilient. (AC +4)
You are immune to poison.
You resist negative energy. (rN+)
You are resistant to electric shocks. (rElec)
You are resistant to unholy torment.
You are immune to petrification.


   Skills:
 - Level 4.1 Fighting
 + Level 6.9 Ranged Weapons
 - Level 1.2 Armour
 - Level 1.5 Dodging
 - Level 1.0 Spellcasting
 - Level 2.6 Hexes


You had 7 spell levels left.
You knew the following spells:

 Your Spells              Type           Power      Damage    Failure   Level
a - Slow                  Hex            28%        N/A       22%         1

Your spell library contained the following spells:

 Spells                   Type           Power      Damage    Failure   Level
 Inner Flame              Hex/Fire       4%         N/A       73%         3
 Portal Projectile        Hex/Tloc       8%         N/A       73%         3
 Cause Fear               Hex            3%         N/A       91%         4

Inventory:

Hand Weapons
 Y - a +1 sling of draining (weapon)
Armour
 e - a +0 ring mail (worn)
 f - a +0 pair of gloves (worn)
 h - a +0 cloak (worn)
Jewellery
 g - an amulet of regeneration (around neck)
Scrolls
 a - a scroll of identify
Potions
 c - a potion of resistance

Dungeon Overview and Level Annotations

Branches:
Dungeon (6/15)
 Temple: D:4-7

Altars:
Hepliaklqana

Shops:
D:6 *


Message History

You kill the iguana!
The vampire mosquito bites you.
You shoot a sling bullet.
The sling bullet closely misses the vampire mosquito.
The vampire mosquito bites you!
The vampire mosquito bites you but does no damage.
You shoot a sling bullet.
The sling bullet closely misses the vampire mosquito.
The vampire mosquito bites you but does no damage.
The vampire mosquito closely misses you.
The vampire mosquito bites you.
You shoot a sling bullet.
The sling bullet barely misses the vampire mosquito.
The vampire mosquito bites you. The vampire mosquito barely misses you.
You shoot a sling bullet.
The sling bullet hits the vampire mosquito.
The vampire mosquito is lightly damaged.
The vampire mosquito bites you. x2
You shoot a sling bullet.
The sling bullet hits the vampire mosquito!
The vampire mosquito is moderately damaged.
The vampire mosquito bites you. The vampire mosquito bites you!
The orc sings a few bars from the Orcish anthem.
The vampire mosquito bites you but does no damage.
You shoot a sling bullet.
The sling bullet misses the vampire mosquito.
The vampire mosquito bites you.
The vampire mosquito closely misses you.
You shoot a sling bullet.
The sling bullet misses the vampire mosquito.
The vampire mosquito bites you!
The vampire mosquito bites you but does no damage.
You shoot a sling bullet.
The sling bullet hits the vampire mosquito but does no damage.
The vampire mosquito is moderately damaged.
The vampire mosquito bites you. The vampire mosquito barely misses you.
You shoot a sling bullet.
The sling bullet barely misses the vampire mosquito.
The vampire mosquito bites you!
You die...

######## .......#
####.###############
>........[.........
%#.#.##.########.#
........# #....@#
.....#..# #..#.#y#
.#...#..####...##h#
......<......### :.
.####..........# .##
....'.........#.#.#
#####...........#.#
###########.#.# .#


You could see a vampire mosquito and a jackal.

Vanquished Creatures
  A black bear (D:5)
  A phantom (D:4)
  A bullfrog (D:6)
  A hound (D:4)
  2 orc priests
  2 iguanas
  An orc wizard (D:6)
  A gnoll (D:1)
  5 adders
  An ufetubus (D:6)
  2 worms
  3 dart slugs
  14 orcs
  3 ball pythons
  9 endoplasms
  2 giant cockroaches (D:4)
  7 goblins
  11 hobgoblins
  16 jackals
  7 quokkas
  4 bats
  5 frilled lizards
  9 kobolds
  6 rats
114 creatures vanquished.

Notes
Turn   | Place    | Note
-------+----------+-------------------------------------------
     0 | D:1      | qw the Gargoyle Hexslinger began the quest for the Orb.
     0 | D:1      | Reached XP level 1. HP: 12/12 MP: 2/2
     0 | D:1      | 0 ||| qw: Version: 0.3-a-40-ge99b1a8
     0 | D:1      | 0 ||| qw: Game counter: 651
     0 | D:1      | 0 ||| qw: Melee chars always use a shield: true
     0 | D:1      | 0 ||| qw: God list: Okawaru
     0 | D:1      | 0 ||| qw: Allow faded altars: false
     0 | D:1      | 0 ||| qw: Do Orc after clearing Dungeon:15 true
     0 | D:1      | 0 ||| qw: Do second Lair branch before Depths: true
     0 | D:1      | 0 ||| qw: Lair rune preference: random
     0 | D:1      | 0 ||| qw: Goals: Normal
     0 | D:1      | 0 ||| PLANNING D:1-11
    69 | D:1      | Reached XP level 2. HP: 16/16 MP: 3/3
   115 | D:1      | Reached skill level 3 in Ranged Weapons
   248 | D:1      | Reached XP level 3. HP: 21/21 MP: 4/4
   375 | D:1      | Found a faded altar of an unknown god.
   633 | D:1      | 633 ||| UPGRADING to +0 leather armour.
   643 | D:1      | 643 ||| DROPPING +0 robe.
   644 | D:1      | 644 ||| UPGRADING to +0 ring mail.
   654 | D:1      | 654 ||| DROPPING +0 leather armour.
   655 | D:1      | 655 ||| UPGRADING to +0 pair of gloves.
   660 | D:1      | 660 ||| UPGRADING to amulet of regeneration.
   665 | D:1      | 665 ||| READING scroll labelled ADIOSHRU KORPHY.
   668 | D:1      | 668 ||| READING scroll labelled CAULIZO YNUBIK.
   669 | D:1      | 669 ||| DROPPING scroll of poison.
   759 | D:2      | Reached skill level 1 in Armour
   759 | D:2      | Reached XP level 4. HP: 26/26 MP: 5/5
  1113 | D:2      | Reached skill level 4 in Ranged Weapons
  1116 | D:2      | 1116 ||| READING scroll labelled GEYBEROUDEU.
  1117 | D:2      | 1117 ||| READING scroll labelled POAHICLU XUWID.
  1118 | D:2      | 1118 ||| READING scroll labelled NYAN ICOCI.
  1119 | D:2      | 1119 ||| DRINKING 2 bubbling black potions.
  1120 | D:2      | 1120 ||| DROPPING potion of degeneration.
  1186 | D:3      | You fall into a shaft and drop 3 floors!
  1202 | D:6      | Reached XP level 5. HP: 30/30 MP: 6/6
  1212 | D:6      | Reached skill level 5 in Ranged Weapons
  1221 | D:6      | Found Iqulul's General Store.
  1245 | D:6      | Reached XP level 6. HP: 20/36 MP: 7/7
  1260 | D:6      | 1260 ||| SHOPLISTING +6 ring of strength (432 gold, have
                  | 136).
  1260 | D:6      | 1260 ||| BUYING scroll of identify (24 gold).
  1260 | D:6      | Bought a scroll of identify for 24 gold pieces
  1273 | D:5      | Entered Level 5 of the Dungeon
  1273 | D:5      | Noticed a black bear
  1279 | D:5      | Killed a black bear
  1498 | D:4      | Reached skill level 6 in Ranged Weapons
  1532 | D:4      | Reached XP level 7. HP: 43/43 MP: 8/8
  1710 | D:4      | 1710 ||| UPGRADING to +0 cloak.
  1715 | D:4      | 1715 ||| READING scroll labelled JONGOSKICLAP.
  1723 | D:4      | 1723 ||| STAIRDANCE
  2529 | D:3      | 2529 ||| READING scroll labelled WYCZINKINUDGH.
  2530 | D:3      | 2530 ||| READING scroll labelled LIUSAURCHISM.
  2531 | D:3      | 2531 ||| READING 3 scrolls of identify.
  2531 | D:3      | 2531 ||| IDENTIFYING red potion
  2532 | D:3      | 2532 ||| READING 2 scrolls of identify.
  2532 | D:3      | 2532 ||| IDENTIFYING inky potion
  2533 | D:3      | 2533 ||| DROPPING potion of attraction.
  2866 | D:4      | Found a hazy altar of Hepliaklqana.
  3092 | D:5      | Noticed a vampire mosquito
  3106 | D:5      | HP: 10/43 [vampire mosquito (7)]
  3108 | D:5      | Slain by a vampire mosquito

Levels and vault maps discovered:
D:1:      amcnicky_arrival_double_pillar, layout_loops_ring,
          hellmonk_ecumenical_altar_zigzags, minmay_box_of_dots
D:2:      layout_rooms, serial_glass, glass_columns_b, glass_columns_b,
          minmay_tiny_reverse_x
D:3:      layout_basic
D:4:      layout_cave_pods, mainiacjoe_overflow_alcove_1,
          hangedman_decor_lopped, minmay_misc_feat_secret_circle,
          nrook_loot_triangle
D:5:      layout_basic, mainiacjoe_overflow_cross_hatched,
          minmay_manual_monstrance
D:6:      layout_basic, yredelemnul_forgotten_temple_becter,
          mainiacjoe_overflow_concentric_impassable, temple_pool_b,
          serial_shops, shop, kennysheep_generic_room_3

Skill      XL: |  1  2  3  4  5  6 |
---------------+-------------------+-----
Ranged Weapons | 3 4 5 6 |  6.9
Fighting       | 2 4 |  4.1
Armour         | 1 |  1.2
Dodging        | |  1.5
Spellcasting   | |  1.0
Hexes          | |  2.6

Action                     |  1- 3 |  4- 6 |  7- 9 || total
---------------------------+-------+-------+-------++-------
   Fire: Sling             |   109 |   190 |   105 ||   404
    Use: Scroll            |     2 |     3 |     5 ||    10
         Potion            |       |     1 |       ||     1
 Armour: Robe              |    19 |       |       ||    19
         Ring mail         |    11 |   100 |    27 ||   138
  Dodge: Dodged            |    37 |    89 |    37 ||   163

Table legend:
 A = Non-vault XP
 B = Vault XP
 C = Vault XP percentage of total XP
 D = Non-vault monster count
 E = Vault monster count
 F = Vault count percentage of total count
                 A         B        C        D         E       F
            +---------+---------+-------+---------+---------+-------
      Total |     813 |      45 |   5.2 |     107 |       7 |   6.1
            +---------+---------+-------+---------+---------+-------
        D:1 |      67 |       5 |   6.9 |      30 |       3 |   9.1
        D:2 |      47 |       2 |   4.1 |      21 |       2 |   8.7
        D:3 |      79 |       0 |   0.0 |      18 |       0 |   0.0
        D:4 |     299 |       0 |   0.0 |      28 |       0 |   0.0
        D:5 |     126 |      38 |  23.2 |       1 |       2 |  66.7
        D:6 |     195 |       0 |   0.0 |       9 |       0 |   0.0
            +---------+---------+-------+---------+---------+-------
